Map: Dusk Towers

Players

Botched - Winner!

  • Race: Zerg Zerg
  • League: Platinum

LilDicky

  • Race: Terran Terran
  • League: Diamond

VOD

http://www.twitch.tv/tumescentpie

Description

Time

  • Played on: Jan. 2, 2016, 1:01 a.m.
  • Length: 6:55
Show
View Real Time Build Order
Export as new Build Order

Botched Zerg - Winner!

Build Orders: Hatch First 

Get SALT Encoding   

  12  0:01  Drone  
  13  0:12  Overlord  
  13  0:17  Drone  
  14  0:31  Drone  
  14  0:32  Drone  
  16  0:39  Drone  
  17  0:54  Hatchery  
  16  0:58  Drone  
  16  1:01  Extractor  
  16  1:02  Drone  
  17  1:22  Drone, Spawning Pool  
  17  1:24  Drone  
  18  1:29  Drone  
  19  1:43  Drone  
  20  1:56  Drone  
  21  2:04  Drone  
  22  2:09  Queen  
  22  2:10  Queen  
  22  2:11  Metabolic Boost  
  22  2:14  Zergling x2  
  22  2:15  Zergling x2  
  28  2:19  Overlord  
  28  2:39  Drone  
  28  2:40  Drone x3  
  32  2:47  Queen  
  34  2:51  Overlord  
  34  2:56  Drone x2  
  36  3:12  Drone x3  
  39  3:16  Queen  
  39  3:18  Drone x2, Overlord  
  43  3:29  Drone  
  44  3:42  Evolution Chamber, Roach Warren  
  44  3:43  Evolution Chamber, Drone x4, Extractor  
  44  3:45  Drone  
  45  3:58  Extractor  
  45  3:59  Drone, Extractor  
  45  4:00  Drone x4  
  48  4:08  Lair  
  48  4:09  Zerg Missile Weapons Level 1  
  48  4:13  Zerg Ground Armor Level 1  
  48  4:25  Drone x2  
  48  4:26  Drone x2  
  48  4:27  Overlord x2  
  52  4:53  Drone x2  
  52  4:54  Drone  
  52  4:58  Overlord  
  55  5:01  Roach x3  
  55  5:06  Drone x2  
  63  5:07  Roach x2  
  63  5:09  Hatchery, Roach  
  68  5:22  Nydus Network  
  68  5:26  Roach x4  
  68  5:28  Overlord  
  75  5:35  Glial Reconstitution  
  75  5:48  Ravager x3  
  75  5:49  Ravager x2  
  80  5:50  Roach  
  80  5:51  Roach  
  80  5:55  Overlord x2  
  80  5:56  Overlord  
  84  6:08  Overlord x2  
  84  6:19  Nydus Canal  
  84  6:23  Drone x10  
  96  6:30  Roach  
Show
View Real Time Build Order
Export as new Build Order

LilDicky Terran 

Build Orders: Command Center First (CC) 

Get SALT Encoding   

  12  0:01  SCV  
  13  0:13  SCV  
  14  0:17  Supply Depot  
  14  0:26  SCV  
  15  0:39  SCV  
  16  0:51  SCV  
  17  1:01  Command Center  
  17  1:04  SCV  
  18  1:17  Barracks  
  18  1:20  SCV  
  20  1:32  SCV  
  20  1:44  SCV  
  21  1:57  SCV  
  22  2:04  Supply Depot, Marine  
  23  2:09  Orbital Command  
  23  2:13  Orbital Command  
  23  2:25  Command Center  
  23  2:29  Marine  
  24  2:34  Refinery  
  24  2:35  SCV  
  24  2:36  Refinery  
  25  2:38  SCV  
  26  2:47  SCV, Marine  
  26  2:51  SCV  
  29  2:59  SCV  
  29  3:05  Marine  
  31  3:06  SCV  
  31  3:12  SCV  
  33  3:14  Command Center  
  33  3:16  Refinery  
  33  3:20  Refinery  
  33  3:21  SCV  
  33  3:24  SCV  
  35  3:29  Marine  
  35  3:33  SCV  
  37  3:36  SCV  
  37  3:41  Factory  
  38  3:42  Engineering Bay  
  38  3:46  Marine  
  39  3:49  SCV x2  
  41  4:01  SCV  
  43  4:06  Planetary Fortress  
  43  4:09  SCV  
  43  4:11  Marine  
  43  4:13  SCV  
  45  4:21  SCV, Missile Turret x2  
  46  4:24  Missile Turret  
  46  4:26  Factory Tech Lab  
  46  4:27  Starport  
  46  4:29  Marine  
  46  4:30  SCV  
  48  4:33  Orbital Command  
  48  4:35  SCV  
  49  4:42  SCV  
  49  4:43  SCV  
  51  4:47  SCV, Marine  
  51  4:52  Supply Depot  
  53  4:54  Siege Tank  
  53  4:58  SCV x2  
  53  4:59  SCV  
  59  5:02  SCV  
  59  5:05  Marine  
  61  5:08  Viking  
  61  5:11  SCV  
  61  5:13  SCV, Factory, Refinery x2  
  65  5:16  SCV  
  65  5:19  SCV  
  67  5:23  Marine  
  67  5:24  SCV  
  67  5:25  Supply Depot  
  67  5:26  Siege Tank  
  67  5:28  SCV  
  73  5:36  SCV x3  
  73  5:40  SCV, Marine  
  73  5:42  Supply Depot  
  78  5:48  SCV x2  
  80  5:52  SCV, Supply Depot  
  80  5:54  Starport Tech Lab  
  81  5:58  Marine  
  81  5:59  Armory  
  81  6:01  SCV x2  
  81  6:02  Armory  
  81  6:03  SCV  
  85  6:04  SCV  
  86  6:20  Supply Depot, Factory Reactor  
  92  6:25  Marine  
  92  6:26  SCV x2  
  95  6:33  SCV  
  95  6:34  SCV  
  95  6:35  Command Center  
  95  6:38  SCV  
Tags
 
Add a new tag
Caveats
  • Supply blocks, unpowered buildings, or Contaminate may cause inaccurate times.
  • Supply counts are checked every 10 seconds.